Map: Lost and Found LE

Players

LiquidMaNa (MaNa) - Winner!

  • Race: Protoss Protoss
  • League: Master
  • Spawn Location: 7:00

Lambo

  • Race: Zerg Zerg
  • League: Master
  • Spawn Location: 1:00

Event: HomeStory Cup XVIII

VOD

Have the link to the VOD?

Description

Time

  • Played on: Nov. 23, 2018, 10:51 a.m.
  • Length: 6:19

All games in this series

Show
View Real Time Build Order
Export as new Build Order

LiquidMaNa Protoss - Winner!

Build Orders: 1 Gate Expand, Oracle Opening, Phoenix Opening, Zealot Archon, Archon Drop 

Get SALT Encoding   

  12  0:00  Probe  
  13  0:12  Probe  
  14  0:19  Pylon  
  14  0:24  Probe  
  15  0:33  Probe  
  15  0:38  Assimilator  
  15  0:41  Probe  
  16  0:48  Gateway  
  17  0:51  Probe  
  18  0:59  Probe  
  19  1:07  Probe  
  20  1:24  Nexus  
  20  1:36  Cybernetics Core  
  20  1:37  Probe  
  21  1:43  Assimilator  
  21  1:49  Probe  
  21  1:53  Pylon  
  22  2:01  Probe  
  23  2:03  Adept  
  23  2:13  Probe  
  26  2:16  Stargate  
  26  2:23  Warp Gate  
  26  2:25  Probe  
  26  2:29  Adept  
  27  2:33  Probe  
  30  2:37  Probe  
  30  2:42  Probe  
  31  2:49  Probe  
  33  2:53  Oracle  
  33  2:56  Adept  
  35  3:01  Probe x2  
  40  3:09  Pylon  
  40  3:13  Probe  
  40  3:14  Probe  
  42  3:25  Assimilator  
  42  3:26  Phoenix, Probe  
  43  3:27  Assimilator  
  43  3:28  Probe  
  46  3:37  Pylon  
  46  3:38  Probe  
  46  3:40  Probe  
  48  3:45  Robotics Facility  
  48  3:50  Probe  
  48  3:52  Probe  
  50  4:05  Twilight Council  
  48  4:12  Probe x2  
  50  4:22  Warp Prism  
  50  4:25  Gateway x2, Probe x2  
  50  4:26  Gateway  
  52  4:35  Zealot  
  52  4:37  Pylon, Probe  
  52  4:38  Probe  
  58  4:44  Templar Archives  
  58  4:50  Forge  
  58  4:55  Probe  
  59  5:05  Nexus  
  59  5:07  Pylon  
  59  5:14  Probe x2  
  59  5:16  Pylon  
  61  5:21  High Templar x2  
  61  5:22  High Templar x2  
  61  5:26  Shield Battery, Archon x2  
  61  5:28  Probe x2  
  72  5:42  Observer  
  72  5:43  Probe x2  
  74  5:54  Zealot x4  
  74  5:56  Probe  
  81  6:15  Zealot x2  
  81  6:16  Zealot  
Show
View Real Time Build Order
Export as new Build Order

Lambo Zerg 

Build Orders: Hatch First 

Get SALT Encoding   

  12  0:01  Drone  
  13  0:13  Overlord  
  13  0:16  Drone  
  14  0:32  Drone x2  
  16  0:49  Hatchery  
  15  0:51  Drone  
  15  0:54  Drone  
  17  0:58  Drone  
  18  1:10  Extractor  
  17  1:15  Spawning Pool  
  17  1:17  Drone  
  17  1:20  Drone  
  18  1:29  Drone  
  19  1:39  Drone  
  20  1:50  Overlord  
  20  2:01  Queen x2  
  20  2:02  Zergling x4  
  26  2:12  Drone x2  
  26  2:13  Metabolic Boost  
  28  2:28  Drone x2  
  30  2:35  Hatchery  
  29  2:37  Drone  
  29  2:40  Drone  
  29  2:43  Drone  
  32  2:45  Overlord  
  32  2:53  Queen  
  32  2:57  Drone x2  
  36  3:09  Drone x3  
  38  3:15  Overlord  
  38  3:16  Drone x4  
  42  3:22  Drone  
  43  3:33  Queen  
  45  3:35  Drone, Spore Crawler  
  45  3:36  Drone  
  45  3:39  Drone  
  45  3:40  Lair  
  47  3:42  Drone x2  
  47  3:44  Drone  
  50  3:49  Extractor, Zergling x4  
  50  3:50  Extractor  
  50  3:56  Zergling x4  
  50  3:59  Drone  
  50  4:02  Drone  
  49  4:03  Drone x2  
  49  4:06  Zergling x2  
  49  4:09  Drone  
  50  4:12  Drone  
  51  4:20  Overlord  
  51  4:24  Overlord  
  50  4:37  Overlord  
  50  4:39  Drone x4  
  50  4:40  Hydralisk Den  
  50  4:41  Drone  
  50  4:45  Drone x2  
  56  4:49  Drone x2  
  56  4:51  Drone  
  57  4:53  Drone  
  57  4:54  Drone  
  57  4:57  Drone  
  57  4:58  Drone  
  57  4:59  Drone  
  62  5:01  Drone  
  62  5:06  Drone x2  
  65  5:13  Spore Crawler  
  64  5:17  Hydralisk  
  64  5:20  Overlord x2  
  66  5:21  Overlord  
  66  5:23  Extractor  
  66  5:25  Overlord  
  66  5:27  Drone  
  65  5:37  Overlord  
  65  5:39  Hydralisk x5  
  75  5:43  Hydralisk  
  75  5:44  Hydralisk  
  75  5:49  Hydralisk  
  74  5:53  Hydralisk x2  
  74  5:55  Zergling x2  
Tags
 
Add a new tag
Caveats
  • Supply blocks, unpowered buildings, or Contaminate may cause inaccurate times.
  • Supply counts are checked every 10 seconds.